 Dungeon Crawl Stone Soup version 0.31-a0-217-g58bb5d79cf (webtiles) character file.

Game seed: 9312915567988245801

61 qw the Shooter (level 4, -3/26 HPs)
             Began as a Gargoyle Hexslinger on July 2, 2023.
             Slain by a goblin
             ... wielding a +0 club
             ... led by Robin
              (4 damage)
             ... on level 2 of the Dungeon.
             The game lasted 00:00:37 (1013 turns).

qw the Shooter (Gargoyle Hexslinger)                Turns: 1013, Time: 00:00:38

Health: -3/26      AC:  8    Str: 12    XL:     4   Next: 7%
Magic:  5/5        EV: 10    Int: 13    God:
Gold:   43         SH:  0    Dex: 14    Spells: 4/5 levels left

rFire   . . .        Y - +1 sling
rCold   . . .        (no shield)
rNeg    + . .        m - +0 ring mail {Will+}
rPois   inf          (no helmet)
rElec   +            j - scarf {repulsion}
rCorr   .            (no gloves)
SInv    .            (no boots)
Will    +....        (no amulet)
Stlth   +            (no ring)
HPRegen 0.24/turn    (no ring)
MPRegen 0.09/turn

%: repel missiles
@: no status effects
A: sickness immunity, AC +3, negative energy resistance 1, electricity
resistance, torment resistance 1, petrification resistance
a: no special abilities


You were on level 2 of the Dungeon.
You visited 1 branch of the dungeon, and saw 2 of its levels.

You collected 43 gold pieces.


Innate Abilities, Weirdness & Mutations

You are immune to sickness and miasma.
Your stone body is resilient. (AC +3)
You are immune to poison.
You resist negative energy. (rN+)
You are resistant to electric shocks. (rElec)
You are resistant to unholy torment.
You are immune to petrification.


   Skills:
 - Level 2.0 Fighting
 + Level 3.9 Ranged Weapons
 - Level 1.5 Dodging
 - Level 1.0 Spellcasting
 - Level 2.6 Hexes


You had 4 spell levels left.
You knew the following spells:

 Your Spells              Type           Power      Damage    Failure   Level
a - Slow                  Hex            28%        N/A       22%         1

Your spell library contained the following spells:

 Spells                   Type           Power      Damage    Failure   Level
 Inner Flame              Hex/Fire       4%         N/A       73%         3
 Portal Projectile        Hex/Tloc       8%         N/A       73%         3
 Cause Fear               Hex            3%         N/A       91%         4

Inventory:

Hand Weapons
 Y - a +1 sling (weapon)
Armour
 j - a scarf of repulsion (worn)
 m - a +0 ring mail of willpower (worn)
Potions
 e - a potion of invisibility {unknown}
 l - a potion of attraction {unknown}

Dungeon Overview and Level Annotations

Branches:
Dungeon (2/15)

Altars:


Message History

The sling bullet completely misses the giant cockroach.
The goblin hits you but does no damage. The giant cockroach closely misses you.
You shoot a sling bullet.
The sling bullet hits the giant cockroach.
You kill the giant cockroach!
The kobold misses you. The goblin barely misses you.
An endoplasm comes into view.
The hobgoblin hits you but does no damage.
The kobold hits you with a +0 short sword.
The goblin closely misses you.
You have reached level 4!
You feel stronger.
You shoot a sling bullet. The endoplasm quivers.
The sling bullet hits the hobgoblin.
The hobgoblin is heavily wounded.
The kobold closely misses you. The goblin hits you with a +0 club.
You shoot a sling bullet. The sling bullet hits the hobgoblin!
You kill the hobgoblin!
The goblin barely misses you. x2
The kobold hits you with a +0 short sword.
You shoot a sling bullet. The sling bullet hits the goblin.
The goblin is moderately wounded.
The kobold hits you but does no damage.
The goblin hits you but does no damage. x3
The goblin barely misses you. The kobold barely misses you.
You shoot a sling bullet. The sling bullet hits the goblin.
You kill the goblin!
The kobold hits you but does no damage. The goblin barely misses you.
You shoot a sling bullet. The sling bullet hits the kobold.
You kill the kobold!
The goblin barely misses you.
You shoot a sling bullet.
The sling bullet barely misses the endoplasm.
The goblin barely misses you. The endoplasm closely misses you.
The goblin closely misses you. The endoplasm freezes you.
You are frozen.
You shoot a sling bullet.
The sling bullet barely misses the endoplasm.
The goblin hits you with a +0 club.
You die...

#...# #...#
.# #.<.######
.. #........#
#.
###.####.###.
#.# .%
#.######)#
#......#)#
######)@)#
##gJ# ##.#
... ...#
.#..# .##...
.. .##


You could see an endoplasm and a goblin.

Vanquished Creatures
  Robin (D:2)
  4 ball pythons (D:1)
  3 bats (D:1)
  4 endoplasms (D:1)
  3 giant cockroaches
  9 goblins
  8 hobgoblins
  3 jackals (D:1)
  3 kobolds
  A quokka (D:1)
  3 frilled lizards (D:1)
  A rat (D:1)
43 creatures vanquished.

Notes
Turn   | Place    | Note
-------+----------+-------------------------------------------
     0 | D:1      | qw the Gargoyle Hexslinger began the quest for the Orb.
     0 | D:1      | Reached XP level 1. HP: 12/12 MP: 2/2
     0 | D:1      | 0 ||| qw: Version: 0.3-a-40-ge99b1a8
     0 | D:1      | 0 ||| qw: Game counter: 57
     0 | D:1      | 0 ||| qw: Melee chars always use a shield: true
     0 | D:1      | 0 ||| qw: God list: Okawaru
     0 | D:1      | 0 ||| qw: Allow faded altars: false
     0 | D:1      | 0 ||| qw: Do Orc after clearing Dungeon:15 true
     0 | D:1      | 0 ||| qw: Do second Lair branch before Depths: true
     0 | D:1      | 0 ||| qw: Lair rune preference: random
     0 | D:1      | 0 ||| qw: Goals: Normal
     0 | D:1      | 0 ||| PLANNING D:1-11
   193 | D:1      | Reached XP level 2. HP: 14/16 MP: 3/3
   246 | D:1      | Reached skill level 3 in Ranged Weapons
   522 | D:1      | Reached XP level 3. HP: 21/21 MP: 4/4
   641 | D:1      | 641 ||| FLEEEEING.
   642 | D:1      | 642 ||| FLEEEEING.
   643 | D:1      | 643 ||| FLEEEEING.
   645 | D:1      | 645 ||| FLEEEEING.
   646 | D:1      | 646 ||| FLEEEEING.
   647 | D:1      | 647 ||| FLEEEEING.
   648 | D:1      | 648 ||| FLEEEEING.
   649 | D:1      | 649 ||| FLEEEEING.
   650 | D:1      | 650 ||| FLEEEEING.
   651 | D:1      | 651 ||| FLEEEEING.
   652 | D:1      | 652 ||| FLEEEEING.
   653 | D:1      | 653 ||| FLEEEEING.
   654 | D:1      | 654 ||| FLEEEEING.
   655 | D:1      | 655 ||| FLEEEEING.
   656 | D:1      | 656 ||| FLEEEEING.
   657 | D:1      | 657 ||| FLEEEEING.
   658 | D:1      | 658 ||| FLEEEEING.
   659 | D:1      | 659 ||| FLEEEEING.
   660 | D:1      | 660 ||| FLEEEEING.
   661 | D:1      | 661 ||| FLEEEEING.
   662 | D:1      | 662 ||| FLEEEEING.
   663 | D:1      | 663 ||| FLEEEEING.
   664 | D:1      | 664 ||| FLEEEEING.
   665 | D:1      | 665 ||| FLEEEEING.
   666 | D:1      | 666 ||| FLEEEEING.
   667 | D:1      | 667 ||| FLEEEEING.
   668 | D:1      | 668 ||| FLEEEEING.
   669 | D:1      | 669 ||| FLEEEEING.
   870 | D:1      | 870 ||| UPGRADING to +0 ring mail.
   880 | D:1      | 880 ||| DROPPING +0 robe.
   881 | D:1      | 881 ||| UPGRADING to scarf of repulsion.
   886 | D:1      | 886 ||| UPGRADING to +0 ring mail of willpower.
   896 | D:1      | 896 ||| DROPPING +0 ring mail.
   897 | D:1      | 897 ||| READING scroll labelled ORALA SUXKAVUG.
   898 | D:1      | 898 ||| READING scroll labelled NURCHU EDWAH.
   899 | D:1      | 899 ||| READING 2 scrolls labelled NIEGHA YDIANKEX.
   900 | D:1      | 900 ||| READING scroll labelled DARHOR SIHU.
   901 | D:1      | 901 ||| READING scroll labelled XOIKO ONUEDDIK.
   902 | D:1      | 902 ||| DROPPING scroll of poison.
   903 | D:1      | 903 ||| DROPPING scroll of noise.
   962 | D:2      | Noticed Robin
   965 | D:2      | 965 ||| Stepping ~*~*~tactically~*~*~ (outnumbered).
   976 | D:2      | Killed Robin
   985 | D:2      | HP: 4/21 [goblin/+0 dagger[Robin] (3)]
  1004 | D:2      | HP: 5/21 [giant cockroach (1)]
  1007 | D:2      | Reached XP level 4. HP: 6/26 MP: 5/5
  1008 | D:2      | HP: 1/26 [kobold/+0 short sword (3)]
  1013 | D:2      | Slain by a goblin

Levels and vault maps discovered:
D:1:      kilobyte_arrival_exit_the_forest, layout_rooms, minmay_quantized
D:2:      layout_rooms, chequers_serial_rivers_small_b, uniq_robin

Skill      XL: |  1  2 |
---------------+-------+-----
Ranged Weapons | 3 |  3.9
Fighting       | 2 |  2.0
Dodging        | |  1.5
Spellcasting   | |  1.0
Hexes          | |  2.6

Action                     |  1- 3 |  4- 6 || total
---------------------------+-------+-------++-------
   Fire: Sling             |   143 |     7 ||   150
    Use: Scroll            |     5 |       ||     5
 Armour: Robe              |    11 |       ||    11
         Ring mail         |    33 |     5 ||    38
  Dodge: Dodged            |    77 |    10 ||    87

Table legend:
 A = Non-vault XP
 B = Vault XP
 C = Vault XP percentage of total XP
 D = Non-vault monster count
 E = Vault monster count
 F = Vault count percentage of total count
                 A         B        C        D         E       F
            +---------+---------+-------+---------+---------+-------
      Total |      46 |      42 |  47.7 |      27 |      16 |  37.2
            +---------+---------+-------+---------+---------+-------
        D:1 |      39 |       8 |  17.0 |      23 |       5 |  17.9
        D:2 |       7 |      34 |  82.9 |       4 |      11 |  73.3
            +---------+---------+-------+---------+---------+-------
